 Dungeon Crawl Stone Soup version 0.28.0 (webtiles) character file.

Game seed: 9404634403847769116

90 Buxparty the Skirmisher (level 4, 0/35 HPs)
             Began as a Demonspawn Abyssal Knight on Feb 4, 2022.
             Was a Believer of Lugonu.
             Slain by Host24's ghost (8 damage)
             ... on level 3 of the Dungeon.
             The game lasted 00:05:27 (2794 turns).

Buxparty the Skirmisher (Demonspawn Abyssal Knight) Turns: 2794, Time: 00:05:28

Health: 0/35       AC:  3    Str: 15    XL:     4   Next: 32%
Magic:  0/6        EV: 12    Int: 12    God:    Lugonu [**....]
Gold:   66         SH:  0    Dex: 13    Spells: 3/3 levels left

rFire   . . .      SeeInvis .   c - +4 dagger (elec)
rCold   . . .      Faith    .   (no shield)
rNeg    . . .      Spirit   +   b - +0 leather armour
rPois   .          Reflect  .   (no helmet)
rElec   .          Harm     .   (no cloak)
rCorr   .          Rampage  .   (no gloves)
Will    .....                   (no boots)
Stlth   +.........              n - amulet of guardian spirit
HPRegen 0.11/turn               (no ring)
MPRegen 0.10/turn               (no ring)

@: no status effects
A: sturdy frame 1
a: Renounce Religion, Depart the Abyss, Bend Space


You were on level 3 of the Dungeon.
You worshipped Lugonu.
Lugonu was pleased with you.
You visited 1 branch of the dungeon, and saw 3 of its levels.
You visited the Abyss 1 time.

You collected 66 gold pieces.

Inventory:

Hand Weapons
 a - a +1 falchion
 c - a +4 dagger of electrocution (weapon)
Missiles
 k - 20 sling bullets
Armour
 b - a +0 leather armour (worn)
 i - a +0 chain mail
Jewellery
 f - an amulet of magic regeneration
 j - a ring of magical power
 n - an amulet of guardian spirit (around neck)
Scrolls
 d - 2 scrolls of magic mapping {unknown}
 e - 4 scrolls of identify {unknown}
 h - 2 scrolls of vulnerability {unknown}
 m - a scroll of teleportation {unknown}


   Skills:
 + Level 3.5 Fighting
 + Level 2.4 Long Blades
 + Level 2.4 Armour
 + Level 1.7 Dodging
 + Level 3.4 Invocations


You had 3 spell levels left.
You didn't know any spells.
Your spell library contained the following spells:

 Spells                   Type           Power      Damage    Failure   Level
 Beastly Appendage        Tmut           0%         N/A       34%         1
 Wereblood                Tmut           0%         N/A       45%         2
 Spider Form              Tmut/Pois      0%         N/A       71%         3


Dungeon Overview and Level Annotations

Branches:
Dungeon (3/15)

Altars:

Annotations:
D:3 1 runed translucent door, Host24's ghost, amateur KoHu


Innate Abilities, Weirdness & Mutations

Your movements are slightly less encumbered by armour. (ER -2)


Message History

Lugonu accepts your kill.
No target in view!
You open the door. The giant cockroach closely misses you.
There is an open translucent door here.
You hit the giant cockroach but do no damage.
Lightning courses through the giant cockroach!
You kill the giant cockroach!
Lugonu accepts your kill.
You enter the shallow water.
Moving in this stuff is going to be slow.
There is an open translucent door here.
It was a potion of curing.
You feel better. Host24's ghost hits you! The river rat bites you.
Unknown command.
Host24's ghost hits you!
You hit Host24's ghost but do no damage.
Host24's ghost hits you.
You hit Host24's ghost but do no damage.
Host24's ghost hits you but does no damage.
It was a potion of magic.
Magic courses through your body. Host24's ghost hits you.
You feel better. Host24's ghost hits you!
You miss Host24's ghost. Host24's ghost hits you!
* * * LOW HITPOINT WARNING * * *
You feel better. Host24's ghost barely misses you.
You closely miss Host24's ghost. Host24's ghost misses you.
You hit Host24's ghost but do no damage.
Host24's ghost closely misses you.
You hit Host24's ghost.
Host24's ghost is lightly damaged.
Host24's ghost hits you.
* * * LOW HITPOINT WARNING * * *
You miss Host24's ghost.
Host24's ghost is lightly damaged.
Host24's ghost closely misses you.
You miss Host24's ghost.
Host24's ghost is lightly damaged.
Host24's ghost hits you!
You die...

#...####≈?≈#.##
#.....##≈≈≈#..# #.#
#.....##≈≈≈##.# ##.#
#......#≈≈≈##.# #...
#......#≈≈†#..# #..#
#......##'##..#
#..###
###...##...#..# ....
..............#####.#
..........##..rW@...#
†###.####.###########
†# #.# #.# .# #.# #.#
## #.# #.# #.# #.#
#.# #.# ######.# #.#
#.##########......#
#.#
#.........##.######


You could see Host24's ghost and a river rat.

Vanquished Creatures
  2 adders (D:2)
  A white imp (D:3)
  4 worms
  A bat (D:1)
  4 giant cockroaches
  5 goblins
  8 hobgoblins
  4 jackals (D:3)
  A quokka (D:1)
  8 ball pythons
  4 frilled lizards
  5 kobolds
  3 rats
50 creatures vanquished.

Notes
Turn   | Place    | Note
-------+----------+-------------------------------------------
     0 | Abyss:1  | Buxparty the Demonspawn Abyssal Knight began the quest for
                  | the Orb.
     0 | Abyss:1  | Reached XP level 1. HP: 18/18 MP: 2/2
    29 | Abyss:1  | Noticed a starcursed mass
    30 | Abyss:1  | Noticed a neqoxec
    46 | Abyss:1  | Noticed a red draconian
    47 | D:1      | Escaped the Abyss
   207 | D:1      | Reached * piety under Lugonu
   296 | D:1      | Reached skill level 1 in Dodging
   437 | D:1      | Gained mutation: Your movements are slightly less
                  | encumbered by armour. (ER -2) [demonic ancestry]
   437 | D:1      | Reached XP level 2. HP: 21/24 MP: 4/4
  1185 | D:2      | Reached XP level 3. HP: 20/29 MP: 5/5
  1988 | D:3      | Reached XP level 4. HP: 4/35 MP: 6/6
  2473 | D:3      | Found a runed translucent door.
  2498 | D:3      | Reached ** piety under Lugonu
  2710 | D:3      | Found a runed translucent door.
  2715 | D:3      | Noticed Host24's ghost (amateur KoHu)
  2794 | D:3      | Slain by Host24's ghost

Illustrated notes

Levels and vault maps discovered:
D:1:      dpeg_arrival_round_b, layout_basic, chequers_serial_rivers_micro_d
D:2:      layout_rooms, serial_glass, glass_columns_a, glass_columns_c,
          glass_columns_b, glass_columns_c, glass_columns_b, glass_columns_b,
          glass_columns_c, glass_columns_a
D:3:      cheibrodos_helix_gallery, layout_loops_ring,
          nicolae_sif_muna_condensation, ebering_ghost_sewer_f,
          skrybe_limestone_x, minmay_quantized

Skill      XL: |  1  2 |
---------------+-------+-----
Dodging        | 1 |  1.7
Long Blades    | 2 |  2.4
Armour         | 2 |  2.4
Invocations    | 3 |  3.4
Fighting       | |  3.5

Action                   |  1- 3 |  4- 6 || total
-------------------------+-------+-------++-------
Melee: Dagger            |    84 |    33 ||   117
       Punch             |     1 |       ||     1
Invok: Depart the Abyss  |     1 |       ||     1
  Use: Potion            |     1 |     4 ||     5
 Stab: Sleeping          |     1 |       ||     1
Armor: Leather armour    |    17 |    10 ||    27
Dodge: Dodged            |    33 |    24 ||    57
